 Dungeon Crawl Stone Soup version 0.18-a0-1468-gaf180a1 (webtiles) character file.

7937 css the Carver (level 11, -7/99 HPs)
             Began as a Naga Fighter on Mar 1, 2016.
             Was an Elder of Okawaru.
             Killed from afar by Fannar (48 damage)
             ... with a bolt of cold
             ... on level 10 of the Dungeon.
             The game lasted 00:35:44 (14203 turns).

css the Carver (Naga Fighter)                      Turns: 14203, Time: 00:35:44

Health: -7/99      AC: 16    Str: 21    XL:     11   Next: 23%
Magic:  13/14      EV: 10    Int:  9    God:    Okawaru [****..]
Gold:   607        SH: 12    Dex: 11    Spells: 0 memorised, 10 levels left

rFire  + . .     SeeInvis +     a - +1 long sword
rCold  . . .     Gourm    .     G - +3 chain mail {MR+}
rNeg   . . .     Faith    .     c - +0 shield
rPois  +         Spirit   .     (no helmet)
rElec  .         Dismiss  .     K - +0 cloak
rCorr  .         Reflect  .     (no gloves)
SustAt +         Harm     .     (no barding)
MR     ++...     Rnd*Rage +     (no amulet)
Stlth  ..........               j - ring of protection from fire
                                t - ring of sustain attributes

@: heroism, very slow, very resistant to hostile enchantments, extremely
unstealthy
A: see invisible, berserk 1, deformed body, poison resistance, slowness 2, slow
metabolism 1, spit poison 2, AC +3
a: Spit Poison, Heroism, Renounce Religion


You were on level 10 of the Dungeon.
You worshipped Okawaru.
Okawaru was greatly pleased with you.
You were hungry.

You visited 2 branches of the dungeon, and saw 11 of its levels.
You also visited: Ossuary.

You collected 607 gold pieces.

Inventory:

Hand Weapons
 a - a +1 long sword (weapon)
 d - a +4 flail of protection
Armour
 c - a +0 shield (worn)
 G - a +3 chain mail of magic resistance (worn)
 K - a +0 cloak (worn)
Jewellery
 h - an uncursed ring of magical power
 j - a ring of protection from fire (right hand)
 t - a ring of sustain attributes (left hand)
Wands
 b - a wand of paralysis (11/24)
 e - a wand of digging (0/24)
 p - a wand of confusion (3/48)
 u - a wand of flame (9/48)
 C - a wand of random effects (14/48)
 L - a wand of digging (7/24)
Scrolls
 g - a scroll of blinking {unknown}
 r - a scroll of remove curse
 s - a scroll of noise
 y - a scroll of teleportation
 D - a scroll of fog {unknown}
 F - a scroll of recharging
 J - a scroll of enchant weapon
 M - a scroll of identify
Potions
 i - 2 potions of curing
 k - a potion of ambrosia
 m - 4 potions of brilliance
 n - a potion of resistance
 q - 2 potions of cancellation
 x - 2 potions of degeneration
 A - 2 potions of flight
 B - a potion of heal wounds
 I - a potion of invisibility {unknown}
Books
 o - a Fen Folio

   Spells                             Type                      Level
   a - Corpse Rot                     Necromancy                   2
   b - Stone Arrow                    Conjuration/Earth            3
   c - Leda's Liquefaction            Hexes/Earth                  4
   d - Summon Forest                  Summoning/Translocation      5
   e - Hydra Form                     Transmutation                6
   f - Summon Hydra                   Summoning                    7
 E - the Reference Book on Talismans
   (You found it on level 7 of the Dungeon)

   Spells                             Type                      Level
   a - Infusion                       Charms                       1
   b - Song of Slaying                Charms                       2
   c - Deflect Missiles               Charms/Air                   6
   d - Haste                          Charms                       6
 H - a book of the Dragon

   Spells                             Type                      Level
   a - Flame Tongue                   Conjuration/Fire             1
   b - Cause Fear                     Hexes                        4
   c - Bolt of Fire                   Conjuration/Fire             6
   d - Dragon Form                    Transmutation                7
   e - Dragon's Call                  Summoning                    9
Comestibles
 f - 8 bread rations
 l - 4 meat rations
 v - 7 slices of pizza
 w - 2 beef jerkies
 z - a fruit
 N - 2 chunks of flesh


   Skills:
 + Level 6.8(11.8) Fighting
 * Level 9.6(14.6) Long Blades
 + Level 6.5(11.5) Armour
 + Level 5.0(10.0) Dodging
 + Level 6.7(11.7) Shields
 * Level 4.3 Invocations
 - Level 1.2 Evocations


You had 10 spell levels left.
You didn't know any spells.

Dungeon Overview and Level Annotations

Branches:
Dungeon (10/15)            Temple (1/1) D:4            Lair (0/8) D:8
    Orc (0/2) D:9

Altars:
Ashenzari
Cheibriados
Dithmenos
Elyvilon
Fedhas
Gozag
Kikubaaqudgha
Makhleb
Nemelex Xobeh
Okawaru
Pakellas
Qazlal
Ru
Sif Muna
Trog
Vehumet
Xom
Yredelemnul
Zin
The Shining One
Beogh

Shops:
D:8 :

Annotations:
D:10 Fannar


Innate Abilities, Weirdness & Mutations

You cannot wear boots.
Your serpentine skin is tough (AC +3).
You have supernaturally acute eyesight.
Armour fits poorly on your strangely shaped body.
Your system is resistant to poisons.
You cover ground very slowly.
You have a slow metabolism.
You can spit poison.
You tend to lose your temper in combat.


Message History

Fannar is severely wounded.
Fannar misses you.
Unknown command.
You slash Fannar!
Fannar is severely wounded.
Unknown command.
You slash Fannar!
Fannar is almost dead.
Fannar casts a spell.
Fannar blinks!
Unknown command.
You slash the ice beast!
The ice beast is moderately wounded.
You block the ice beast's attack.
Unknown command.
You hit the ice beast but do no damage.
The ice beast is moderately wounded.
Fannar gestures at you while chanting. The bolt of cold hits you!
You die...

#...[.... #......>.
#........ #........
#........ # #........ #.
#........
####..##########........
......Y@e...............
########################


You could see Fannar and an ice beast.

Vanquished Creatures
  Pikel (D:4)
  Maurice (D:9)
  Psyche (D:9)
  Grinder (D:3)
  A troll (D:9)
  The ghost of Bubs the Charmwright, an amateur MfSk (D:4)
  7 yaks
  A vampire (D:9)
  A human (D:8)
  A hog (D:8)
  A hungry ghost (D:9)
  A wolf (D:5)
  4 wargs
  Edmund (D:4)
  An orc warrior (D:9)
  A sky beast (D:9)
  2 wasps
  A swamp drake (D:5)
  A slave (D:4)
  4 ogres
  2 centaurs (D:5)
  An elf zombie (Ossuary)
  3 big kobolds
  5 giant frogs
  2 gnoll sergeants
  A wyvern zombie (D:9)
  2 scorpions
  A killer bee (D:7)
  3 wights (D:7)
  6 howler monkeys
  5 crimson imps
  A quasit (D:6)
  2 giant frog zombies
  A gnoll shaman (D:7)
  9 orc wizards
  4 orc priests
  2 hounds
  2 jellies
  5 iguanas
  Natasha (thrice) (D:4)
  8 worker ants
  3 sheep (D:8)
  A killer bee zombie (D:6)
  A hound skeleton (D:8)
  18 gnolls
  15 adders
  A shadow imp (D:7)
  5 oozes
  2 adder zombies
  2 adder skeletons (D:5)
  A worm (D:4)
  2 dart slugs
  2 giant geckos
  62 orcs
  3 ball pythons
  8 bats
  2 giant cockroaches
  15 goblins
  8 hobgoblins
  10 jackals
  4 quokkas
  6 giant newts
  2 hobgoblin zombies (Ossuary)
  22 kobolds
  6 rats
302 creatures vanquished.

Vanquished Creatures (collateral kills)
  2 gnolls (D:7)
  An orc (D:5)
  A goblin (D:5)
  A hobgoblin (D:5)
  A kobold (D:5)
6 creatures vanquished.

Vanquished Creatures (others)
  A quokka (D:4)
1 creature vanquished.

Grand Total: 309 creatures vanquished

Notes
Turn   | Place    | Note
--------------------------------------------------------------
     0 | D:1      | css the Naga Fighter began the quest for the Orb.
     0 | D:1      | Reached XP level 1. HP: 21/21 MP: 1/1
   185 | D:1      | Reached XP level 2. HP: 28/28 MP: 2/2
   586 | D:1      | Reached XP level 3. HP: 18/34 MP: 3/3
  1130 | D:2      | Found an oddly glowing altar of Pakellas.
  1386 | D:2      | Reached XP level 4. HP: 39/42 MP: 4/4
  1562 | D:2      | Found a burning altar of Makhleb.
  1886 | D:3      | Reached XP level 5. HP: 44/49 MP: 5/5
  1902 | D:3      | Reached skill level 3 in Long Blades
  2133 | D:3      | Noticed Grinder
  2156 | D:3      | Killed Grinder
  2156 | D:3      | Reached skill level 1 in Dodging
  2156 | D:3      | Reached XP level 6. HP: 13/57 MP: 6/6
  2588 | D:3      | Reached skill level 4 in Long Blades
  2606 | D:4      | Found a staircase to the Ecumenical Temple.
  2635 | Temple   | Entered the Ecumenical Temple
  2745 | Temple   | Became a worshipper of Warmaster Okawaru
  2777 | D:4      | Noticed Natasha
  2784 | D:4      | Killed Natasha
  2812 | D:4      | Noticed Bubs's ghost (amateur MfSk)
  3174 | D:4      | Noticed Edmund
  3205 | D:4      | Killed Edmund
  3205 | D:4      | Reached XP level 7. HP: 21/64 MP: 7/7
  3941 | D:4      | Killed Bubs's ghost
  3941 | D:4      | Reached * piety under Okawaru
  4077 | D:4      | Found an opulent altar of Gozag.
  4215 | D:4      | Noticed Natasha
  4229 | D:4      | Killed Natasha
  4284 | D:4      | Noticed Natasha
  4289 | D:4      | Killed Natasha
  4576 | D:4      | Found a sacrificial altar of Ru.
  4623 | D:4      | Found a sparkling altar of Nemelex Xobeh.
  4635 | D:4      | Noticed Pikel
  4688 | D:4      | Killed Pikel
  4688 | D:4      | Reached skill level 5 in Long Blades
  4688 | D:4      | Reached XP level 8. HP: 17/73 MP: 8/8
  5251 | D:5      | Entered Level 5 of the Dungeon
  5805 | D:5      | Reached skill level 5 in Fighting
  6187 | D:5      | Reached skill level 6 in Long Blades
  6465 | D:5      | Found a glowing silver altar of Zin.
  6812 | D:6      | Reached XP level 9. HP: 76/81 MP: 9/9
  7060 | D:5      | Reached skill level 1 in Evocations
  7126 | D:5      | Reached skill level 7 in Long Blades
  7165 | D:6      | Reached ** piety under Okawaru
  7432 | D:6      | Found a basalt altar of Yredelemnul.
  7452 | D:6      | Found a snail-covered altar of Cheibriados.
  7467 | D:6      | Found a shimmering altar of Xom.
  7515 | D:6      | Found a shadowy altar of Dithmenos.
  8080 | D:7      | Reached skill level 5 in Armour
  8168 | D:7      | Reached skill level 5 in Shields
  8569 | D:7      | Found a shattered altar of Ashenzari.
  8634 | D:7      | Identified the Reference Book on Talismans
  9075 | D:7      | HP: 3/82 [gnoll (5)]
  9755 | D:8      | Reached XP level 10. HP: 44/91 MP: 10/10
  9756 | D:8      | Found Waytopn's Book Emporium.
  9801 | D:8      | Reached *** piety under Okawaru
  9825 | D:8      | Found a sand-covered staircase.
  9830 | Ossuary  | Entered an ossuary
  9843 | Ossuary  | Reached skill level 8 in Long Blades
 10410 | D:8      | Reached skill level 1 in Invocations
 10686 | D:8      | Found a staircase to the Lair.
 11356 | D:9      | Noticed Psyche
 11380 | D:9      | Killed Psyche
 11427 | D:9      | Found a staircase to the Orcish Mines.
 11447 | D:9      | Reached **** piety under Okawaru
 11997 | D:9      | Reached skill level 9 in Long Blades
 12171 | D:9      | Noticed Maurice
 12207 | D:9      | Killed Maurice
 12207 | D:9      | Reached skill level 5 in Dodging
 12479 | D:9      | Reached XP level 11. HP: 76/99 MP: 13/13
 12775 | D:9      | Found a glowing golden altar of the Shining One.
 13147 | D:9      | Found a roughly hewn altar of Beogh.
 13782 | D:10     | Entered Level 10 of the Dungeon
 13795 | D:9      | Gained mutation: You tend to lose your temper in combat. [mutagenic meat]
 14148 | D:10     | Noticed Fannar
 14203 | D:10     | Killed from afar by Fannar

Vault maps used:
D:1:      dpeg_arrival_stone_temple_mockup, st_stairs_7, minmay_crystal_water,
          minmay_misc_feat_tiny
D:2:      makhleb_grotto_becter, johnstein_pakellas_dig, first_bread
D:3:      uniq_grinder
D:4:      nicolae_gozag_seed_capital, overflow_temple_1_default, nemelex_deck,
          minmay_temple_entry_glass, uniq_natasha, uniq_edmund, uniq_pikel
D:5:      corexii_shantytown, lemuel_coloured_pillars_altar
D:6:      nicolae_overflow_quartered_altars
D:7:      kennysheep_spiral_hall, lemuel_crystal_altar
D:8:      dpeg_lair_monsters, serial_shops, shop_fountains, enter_ossuary_2,
          grunt_livestock
D:9:      tso_metal_star, minmay_orc_entry_guard_dogs, special_room,
          uniq_maurice, uniq_psyche
D:10:     uniq_fannar
Temple:   circular_temple_pool_8
Ossuary:  ossuary_minmay_tomb_2a

Skill      XL: |  1  2  3  4  5  6  7  8  9 10 11 |
---------------+----------------------------------+-----
Armour         | 3 4 5 6 |  6.5
Shields        | 3 4 5 6 |  6.7
Long Blades    | 3 4 5 6 7 9 |  9.6
Fighting       | 4 5 6 |  6.8
Dodging        | 1 2 3 4 5 |  5.0
Evocations     | 1 |  1.2
Invocations    | 3 4 |  4.3

Action                   |  1- 3 |  4- 6 |  7- 9 | 10-12 || total
-------------------------+-------+-------+-------+-------++-------
Melee: Long sword        |   107 |   195 |   659 |   622 ||  1583
Invok: Heroism           |       |       |       |     4 ||     4
 Abil: Spit Poison       |       |       |     5 |    13 ||    18
Evoke: Wand              |       |       |     9 |    12 ||    21
       Deck              |       |       |    11 |     2 ||    13
  Use: Potion            |     1 |     2 |     5 |     6 ||    14
       Scroll            |     5 |     2 |    11 |     5 ||    23
 Stab: Distracted        |       |       |     1 |       ||     1
       Confused          |       |       |       |     1 ||     1
  Eat: Chunk             |     1 |     4 |    10 |    12 ||    27
       Royal jelly       |       |       |     2 |       ||     2
       Fruit             |       |       |     1 |       ||     1
       Pizza             |       |       |     1 |       ||     1
       Beef jerky        |       |       |     1 |       ||     1
       Bread ration      |       |       |       |     1 ||     1
